AoeStats
← jucca187

Arabia

504817327Analyzed
2v2 RM · 26d ago on Sep 6, 2026· 28m 15s· 4 players
Game mode
Random Map
Map size
Medium (4 player)
Population
200
Speed
Normal
Resources
Standard
Victory
Conquest
Starting age
Dark Age
Ending age
Imperial Age
RankedLock teamsTeams togetherTeam positionsShared explorationLock speedFull tech treeHidden civsTurbo modeCheats
Victory
Defeat
🇩🇪 Franks · Germany
883
+39
🇩🇪 Britons · Germany
883
+39
🇫🇮 Tatars · Finland
925
-18
🇧🇷 Magyars · Brazil
882
-16
Bønifáciø
4:28 Loom
8:14 Loom
10:07 Feudal Age
11:23 Double-Bit Axe
11:36 Horse Collar
20:25 Castle Age
18:57 Gold Mining
20:39 Fletching
20:49 Padded Archer Armor
23:54 Bow Saw
23:40 Town Watch
24:32 Scale Barding Armor
25:13 Bloodlines
26:50 Chain Barding Armor
27:10 Husbandry
jucca187
11:43 Feudal Age
12:10 Double-Bit Axe
15:10 Loom
23:48 Horse Collar
29:16 Castle Age
Kyriakos Papadopoulos
10:48 Feudal Age
12:20 Double-Bit Axe
20:44 Castle Age
19:31 Scale Barding Armor
24:02 Wheelbarrow
26:41 Husbandry
albert.bugdol
2:35 Loom
10:13 Feudal Age
10:47 Double-Bit Axe
11:53 Horse Collar
13:03 Loom
14:16 Fletching
20:15 Castle Age
18:45 Padded Archer Armor
21:14 Heavy Plow
21:26 Bow Saw
21:02 Crossbowman
22:01 Light Cavalry
23:32 Wheelbarrow
25:50 Bodkin Arrow
27:57 Gold Mining
27:57 Stone Mining
Connection lost

Rejoining the realm…

Still unreachable

The connection could not be restored.

Session expired

The server has moved on; the page needs a fresh start.